Wild vs RedWings

Created - January 19 2012 at 17:34

Goals
1 2 3 OT1 SO T
Wild 3 0 0 0 2 4
RedWings 2 1 0 0 1 3
Shots
1 2 3 OT1 SO T
Wild 8 2 7 1 6 18
RedWings 18 22 8 0 6 48

Period #1

1. RedWings , Kris Draper 2 (Nate Thompson, Keith Yandle) at 9:46
2. Wild , Ryan Getzlaf 25 (Marek Zidlicky, Joni Pitkanen) at 13:23
3. Wild , Sami Salo 1 (Christopher Higgins, Milan Michalek) at 13:43
4. RedWings , Marty Reasoner 11 (Eric Brewer, Curtis Glencross) at 14:05
5. Wild , Joel Ward 6 (Michael Ryder, Alexei Ponikarovsky) at 16:42 (PP)

Penalties :
Alexei Ponikarovsky (MIN) for Tripping (Minor) at 2:06, Ryan Getzlaf (MIN) for High sticking (Minor) at 5:35, Bobby Ryan (MIN) for Roughing (Minor) at 7:28, Pavel Kubina (DET) for Hooking (Minor) at 14:57, Curtis Glencross (DET) for Charging (Minor) at 19:01

Period #2

6. RedWings , Alexandre Burrows 24 (Nik Antropov, Ryan Whitney) at 14:22 (PP)

Penalties :
Radek Martinek (MIN) for Hooking (Minor) at 1:33, Radek Martinek (MIN) for Roughing (Minor) at 6:17, Tom Gilbert (MIN) for Charging (Minor) at 13:46, Alexei Ponikarovsky (MIN) for Hooking (Minor) at 17:25, Ryan Getzlaf (MIN) for Holding (Minor) at 17:48

Period #3

No Goal

Penalties :
Zach Parise (DET) for Hooking (Minor) at 6:53, Nate Thompson (DET) for Hooking (Minor) at 9:25, Zach Parise (DET) for High sticking (Minor) at 15:51

Overtime #1

No Goal

Penalties :
No Penalty

Shootout

Penalty Shot by Ryan Getzlaf for Wild - Goal!
Penalty Shot by Alexandre Burrows for RedWings - Goal!
Penalty Shot by Bobby Ryan for Wild - Stopped by Roberto Luongo
Penalty Shot by Zach Parise for RedWings - Stopped by Brian Boucher
Penalty Shot by Milan Michalek for Wild - Stopped by Roberto Luongo
Penalty Shot by Curtis Glencross for RedWings - Stopped by Brian Boucher
Penalty Shot by Michael Ryder for Wild - Shot Misses the Net
Penalty Shot by Ray Whitney for RedWings - Stopped by Brian Boucher
Penalty Shot by Christopher Higgins for Wild - Shot Misses the Net
Penalty Shot by Nik Antropov for RedWings - Stopped by Brian Boucher
Penalty Shot by Andrei Markov for Wild - Goal!
Penalty Shot by Keith Yandle for RedWings - Shot Misses the Net

Penalties :
No Penalty

Goalie Stats

Brian Boucher (MIN), 45 saves from 48 shots - (0.938), W, 5-4-2, 65:00 minutes
Roberto Luongo (DET), 15 saves from 18 shots - (0.833), OTL, 26-15-7, 65:00 minutes

Players Stats

Wild
Player Name              G  A  P  +/- PIM S  H  SB FO    MP 
------------------------------------------------------------
Alexei Ponikarovsky      0  1  1  -1  4   0  2  0  0/2   14 
Andrei Markov            0  0  0  -1  0   2  0  0  0/0   15 
Andrew Ebbett            0  0  0   0  0   0  0  0  1/1   3  
Bobby Ryan               0  0  0   1  2   2  4  0  7/24  22 
Christopher Higgins      0  1  1   1  0   1  1  1  0/0   21 
Colin White              0  0  0   0  0   0  0  0  0/0   2  
Joel Ward                1  0  1  -1  0   1  1  1  0/1   18 
Jon Sim                  0  0  0   1  0   0  0  0  0/0   16 
Joni Pitkanen            0  1  1   0  0   0  0  0  0/0   26 
Marek Zidlicky           0  1  1   1  0   1  0  1  0/0   16 
Michael Ryder            0  1  1   0  0   1  0  0  1/2   20 
Michal Rozsival          0  0  0  -1  0   1  0  3  0/0   16 
Mike Modano              0  0  0  -1  0   0  0  0  8/22  18 
Milan Michalek           0  1  1   0  0   2  0  0  1/4   19 
Radek Martinek           0  0  0  -1  4   0  2  2  0/0   12 
Ryan Getzlaf             1  0  1   0  4   6  2  1  18/32 25 
Sami Salo                1  0  1   1  0   1  0  2  0/0   18 
Tom Gilbert              0  0  0   1  2   0  1  4  0/0   24 
RedWings
Player Name              G  A  P  +/- PIM S  H  SB FO    MP 
------------------------------------------------------------
Alexandre Burrows        1  0  1  -1  0   9  2  0  4/4   23 
Brett Clark              0  0  0   0  0   2  1  2  0/0   19 
Brian Campbell           0  0  0  -1  0   4  0  0  0/0   23 
Curtis Glencross         0  1  1   1  2   2  2  0  3/3   18 
Eric Brewer              0  1  1   2  0   2  0  1  0/0   18 
Jamie Langenbrunner      0  0  0   0  0   1  2  0  1/1   12 
Keith Yandle             0  1  1  -1  0   1  2  2  0/0   27 
Kris Draper              1  0  1   0  0   1  0  0  0/0   8  
Marty Reasoner           1  0  1   1  0   3  0  0  10/16 14 
Nate Thompson            0  1  1   0  2   1  0  0  8/12  10 
Niclas Bergfors          0  0  0   0  0   0  0  0  0/0   6  
Nik Antropov             0  1  1  -1  0   1  0  0  15/29 20 
Pavel Kubina             0  0  0   1  2   1  3  1  0/0   18 
Ray Whitney              0  0  0  -1  0   2  1  0  0/0   19 
Ryan Whitney             0  1  1  -1  0   2  3  1  0/0   24 
Sergei Kostitsyn         0  0  0   1  0   6  1  0  3/4   17 
Travis Zajac             0  0  0   0  0   2  3  0  7/16  18 
Zach Parise              0  0  0   0  4   8  0  1  1/3   18 

3 Stars

1 - Sami Salo (MIN)
2 - Marty Reasoner (DET)
3 - Brian Boucher (MIN)

Power Play

Wild - 1 on 5 Attempt(s) - 20.00%
RedWings - 1 on 8 Attempt(s) - 12.50%

Penalty Kill

Wild - 7 on 8 Attempt(s) - 87.50% - Score 0 goal in Penalty Kill
RedWings - 4 on 5 Attempt(s) - 80.00% - Score 0 goal in Penalty Kill

Game Notes

No Game Note

Finance

Level 1 -- Attendance: 6391 (98.32%) -- Ticket Income $479,325.00
Level 2 -- Attendance: 5000 (100.00%) -- Ticket Income $225,000.00
Level 3 -- Attendance: 3481 (99.46%) -- Ticket Income $87,025.00
Level 4 -- Attendance: 2892 (71.13%) -- Ticket Income $43,380.00
Luxury Box -- Attendance: 976 (97.60%) -- Ticket Income $146,400.00
Game was played at the Joe Louis Arena
Total Attendance: 18740 (93.39%)
Total Ticket Income: $995,482.90
Other Income: $221,835.30
Total Income: $1,217,318.00


Play by Play

Period #1

0:01 of 1st period - Ryan Getzlaf wins face-off versus Nik Antropov in neutral zone.
0:38 of 1st period - Shot by Ray Whitney.
0:38 of 1st period - Shot Misses the Net.
1:10 of 1st period - Shot by Zach Parise.
1:10 of 1st period - Stopped by Brian Boucher with a rebound.
1:12 of 1st period - Shot by Jamie Langenbrunner.
1:12 of 1st period - Stopped by Brian Boucher with a rebound.
1:14 of 1st period - Shot by Zach Parise.
1:14 of 1st period - Shot Misses the Net.
1:18 of 1st period - Shot by Zach Parise.
1:18 of 1st period - Stopped by Brian Boucher with a rebound.
1:59 of 1st period - Icing by Zach Parise.
2:00 of 1st period - Travis Zajac wins face-off versus Mike Modano in RedWings zone.
2:05 of 1st period - Shot by Joel Ward.
2:05 of 1st period - Shot Misses the Net.
2:06 of 1st period - Minor Penalty to Alexei Ponikarovsky for Tripping.
2:07 of 1st period - Nik Antropov wins face-off versus Mike Modano in Wild zone.
2:14 of 1st period - Shot by Alexandre Burrows.
2:14 of 1st period - Stopped by Brian Boucher with a rebound.
2:16 of 1st period - Shot by Alexandre Burrows.
2:16 of 1st period - Stopped by Brian Boucher without a rebound.
2:17 of 1st period - Nik Antropov wins face-off versus Mike Modano in Wild zone.
2:47 of 1st period - Shot by Ryan Whitney.
2:47 of 1st period - Stopped by Brian Boucher without a rebound.
2:48 of 1st period - Sergei Kostitsyn wins face-off versus Ryan Getzlaf in Wild zone.
3:11 of 1st period - Shot by Travis Zajac.
3:11 of 1st period - Deflect By Zach Parise.
3:11 of 1st period - Stopped by Brian Boucher without a rebound.
3:12 of 1st period - Mike Modano wins face-off versus Nik Antropov in Wild zone.
3:39 of 1st period - Shot by Alexandre Burrows.
3:39 of 1st period - Shot Blocked by Tom Gilbert.
3:41 of 1st period - Shot by Alexandre Burrows.
3:41 of 1st period - Shot Blocked by Sami Salo.
3:51 of 1st period - Shot by Eric Brewer.
3:51 of 1st period - Shot Blocked by Tom Gilbert.
3:53 of 1st period - Shot by Curtis Glencross.
3:53 of 1st period - Stopped by Brian Boucher without a rebound.
3:54 of 1st period - Curtis Glencross wins face-off versus Ryan Getzlaf in Wild zone.
4:54 of 1st period - Icing by Brett Clark.
4:55 of 1st period - Ryan Getzlaf wins face-off versus Marty Reasoner in RedWings zone.
5:34 of 1st period - Keith Yandle is hit by Ryan Getzlaf and loses puck.
5:35 of 1st period - Minor Penalty to Ryan Getzlaf for High sticking.
5:36 of 1st period - Nik Antropov wins face-off versus Mike Modano in Wild zone.
5:49 of 1st period - Shot by Keith Yandle.
5:49 of 1st period - Shot Misses the Net.
5:53 of 1st period - Shot by Alexandre Burrows.
5:53 of 1st period - Stopped by Brian Boucher without a rebound.
5:54 of 1st period - Nik Antropov wins face-off versus Mike Modano in Wild zone.
6:13 of 1st period - Shot by Alexandre Burrows.
6:13 of 1st period - Shot Blocked by Sami Salo.
6:17 of 1st period - Shot by Alexandre Burrows.
6:17 of 1st period - Stopped by Brian Boucher with a rebound.
6:19 of 1st period - Shot by Keith Yandle.
6:19 of 1st period - Shot Blocked by Joel Ward.
6:21 of 1st period - Shot by Ray Whitney.
6:21 of 1st period - Stopped by Brian Boucher without a rebound.
6:22 of 1st period - Bobby Ryan wins face-off versus Travis Zajac in Wild zone.
6:28 of 1st period - Icing by Pavel Kubina.
6:29 of 1st period - Travis Zajac wins face-off versus Bobby Ryan in RedWings zone.
6:29 of 1st period - Zach Parise is hit by Bobby Ryan and loses puck.
6:33 of 1st period - Icing by Travis Zajac.
6:34 of 1st period - Bobby Ryan wins face-off versus Zach Parise in RedWings zone.
6:34 of 1st period - Bobby Ryan is hit by Pavel Kubina.
6:44 of 1st period - Shot by Travis Zajac.
6:44 of 1st period - Stopped by Brian Boucher without a rebound.
6:45 of 1st period - Nik Antropov wins face-off versus Bobby Ryan in Wild zone.
7:06 of 1st period - Icing by Alexandre Burrows.
7:07 of 1st period - Nik Antropov wins face-off versus Bobby Ryan in RedWings zone.
7:07 of 1st period - Nik Antropov is hit by Bobby Ryan.
7:28 of 1st period - Minor Penalty to Bobby Ryan for Roughing.
7:29 of 1st period - Mike Modano wins face-off versus Travis Zajac in Wild zone.
7:29 of 1st period - Mike Modano is hit by Travis Zajac.
8:56 of 1st period - Shot by Curtis Glencross.
8:56 of 1st period - Shot Blocked by Tom Gilbert.
8:58 of 1st period - Shot by Brian Campbell.
8:58 of 1st period - Stopped by Brian Boucher without a rebound.
8:59 of 1st period - Travis Zajac wins face-off versus Ryan Getzlaf in Wild zone.
9:34 of 1st period - Shot by Keith Yandle.
9:34 of 1st period - Shot Blocked by Radek Martinek.
9:36 of 1st period - Shot by Nate Thompson.
9:36 of 1st period - Stopped by Brian Boucher with a rebound.
9:38 of 1st period - Shot by Kris Draper.
9:38 of 1st period - Shot Blocked by Radek Martinek.
9:40 of 1st period - Shot by Kris Draper.
9:40 of 1st period - Shot Misses the Net.
9:42 of 1st period - Shot by Kris Draper.
9:42 of 1st period - Shot Misses the Net.
9:46 of 1st period - Shot by Kris Draper.
9:46 of 1st period - Goal by Kris Draper - Wild : 0 - RedWings : 1.
9:47 of 1st period - Ryan Getzlaf wins face-off versus Nik Antropov in neutral zone.
9:57 of 1st period - Shot by Ryan Getzlaf.
9:57 of 1st period - Stopped by Roberto Luongo without a rebound.
9:58 of 1st period - Marty Reasoner wins face-off versus Bobby Ryan in RedWings zone.
11:14 of 1st period - Icing by Brian Campbell.
11:15 of 1st period - Nate Thompson wins face-off versus Mike Modano in RedWings zone.
11:42 of 1st period - Icing by Mike Modano.
11:43 of 1st period - Nik Antropov wins face-off versus Mike Modano in Wild zone.
13:15 of 1st period - Shot by Ryan Getzlaf.
13:15 of 1st period - Shot Blocked by Keith Yandle.
13:19 of 1st period - Shot by Joni Pitkanen.
13:19 of 1st period - Deflect By Ryan Getzlaf.
13:19 of 1st period - Shot Hit the Post.
13:23 of 1st period - Shot by Ryan Getzlaf.
13:23 of 1st period - Goal by Ryan Getzlaf - Wild : 1 - RedWings : 1.
13:24 of 1st period - Nik Antropov wins face-off versus Bobby Ryan in neutral zone.
13:41 of 1st period - Shot by Christopher Higgins.
13:41 of 1st period - Shot Misses the Net.
13:43 of 1st period - Shot by Sami Salo.
13:43 of 1st period - Goal by Sami Salo - Wild : 2 - RedWings : 1.
13:44 of 1st period - Michael Ryder wins face-off versus Marty Reasoner in neutral zone.
13:57 of 1st period - Shot by Sergei Kostitsyn.
13:57 of 1st period - Deflect By Curtis Glencross.
13:57 of 1st period - Shot Hit the Post.
14:01 of 1st period - Shot by Curtis Glencross.
14:01 of 1st period - Stopped by Brian Boucher with a rebound.
14:03 of 1st period - Shot by Eric Brewer.
14:03 of 1st period - Shot Misses the Net.
14:05 of 1st period - Shot by Marty Reasoner.
14:05 of 1st period - Goal by Marty Reasoner - Wild : 2 - RedWings : 2.
14:06 of 1st period - Jamie Langenbrunner wins face-off versus Bobby Ryan in neutral zone.
14:11 of 1st period - Shot by Zach Parise.
14:11 of 1st period - Stopped by Brian Boucher with a rebound.
14:16 of 1st period - Tom Gilbert is hit by Pavel Kubina and loses puck.
14:45 of 1st period - Marek Zidlicky is hit by Jamie Langenbrunner and loses puck.
14:57 of 1st period - Minor Penalty to Pavel Kubina for Hooking.
14:58 of 1st period - Ryan Getzlaf wins face-off versus Marty Reasoner in RedWings zone.
15:55 of 1st period - Andrew Ebbett is hit by Alexandre Burrows and loses puck.
16:01 of 1st period - Icing by Milan Michalek.
16:02 of 1st period - Nate Thompson wins face-off versus Milan Michalek in Wild zone.
16:15 of 1st period - Shot by Andrei Markov.
16:15 of 1st period - Stopped by Roberto Luongo without a rebound.
16:16 of 1st period - Nate Thompson wins face-off versus Michael Ryder in RedWings zone.
16:16 of 1st period - Nate Thompson is hit by Joel Ward.
16:34 of 1st period - Shot by Michael Ryder.
16:34 of 1st period - Stopped by Roberto Luongo with a rebound.
16:38 of 1st period - Shot by Michael Ryder.
16:38 of 1st period - Shot Blocked by Ryan Whitney.
16:40 of 1st period - Shot by Alexei Ponikarovsky.
16:40 of 1st period - Deflect By Michael Ryder.
16:40 of 1st period - Shot Misses the Net.
16:42 of 1st period - Shot by Joel Ward.
16:42 of 1st period - Goal by Joel Ward - Wild : 3 - RedWings : 2.
16:43 of 1st period - Mike Modano wins face-off versus Zach Parise in neutral zone.
17:39 of 1st period - Shot by Bobby Ryan.
17:39 of 1st period - Shot Misses the Net.
17:41 of 1st period - Shot by Milan Michalek.
17:41 of 1st period - Deflect By Bobby Ryan.
17:41 of 1st period - Stopped by Roberto Luongo without a rebound.
17:42 of 1st period - Ryan Getzlaf wins face-off versus Nik Antropov in RedWings zone.
17:42 of 1st period - Ryan Getzlaf is hit by Ryan Whitney.
18:01 of 1st period - Ryan Getzlaf is hit by Keith Yandle.
18:14 of 1st period - Michael Ryder is hit by Ryan Whitney and loses puck.
19:01 of 1st period - Minor Penalty to Curtis Glencross for Charging.
19:02 of 1st period - Ryan Getzlaf wins face-off versus Nate Thompson in RedWings zone.
19:02 of 1st period - Michael Ryder is hit by Brett Clark and loses puck.
19:15 of 1st period - Shot by Ryan Getzlaf.
19:15 of 1st period - Shot Misses the Net.
19:17 of 1st period - Shot by Joni Pitkanen.
19:17 of 1st period - Shot Blocked by Pavel Kubina.
19:21 of 1st period - Shot by Ryan Getzlaf.
19:21 of 1st period - Stopped by Roberto Luongo without a rebound.
19:22 of 1st period - Marty Reasoner wins face-off versus Bobby Ryan in RedWings zone.

Period #2

0:01 of 2nd period - Alexandre Burrows wins face-off versus Ryan Getzlaf in neutral zone.
1:02 of 2nd period - Icing by Nate Thompson.
1:03 of 2nd period - Nik Antropov wins face-off versus Milan Michalek in RedWings zone.
1:24 of 2nd period - Shot by Alexandre Burrows.
1:24 of 2nd period - Shot Blocked by Christopher Higgins.
1:26 of 2nd period - Shot by Keith Yandle.
1:26 of 2nd period - Deflect By Nik Antropov.
1:26 of 2nd period - Shot Misses the Net.
1:30 of 2nd period - Shot by Keith Yandle.
1:30 of 2nd period - Stopped by Brian Boucher without a rebound.
1:31 of 2nd period - Travis Zajac wins face-off versus Mike Modano in Wild zone.
1:33 of 2nd period - Minor Penalty to Radek Martinek for Hooking.
1:34 of 2nd period - Mike Modano wins face-off versus Sergei Kostitsyn in Wild zone.
2:44 of 2nd period - Shot by Keith Yandle.
2:44 of 2nd period - Shot Blocked by Michal Rozsival.
3:16 of 2nd period - Shot by Brian Campbell.
3:16 of 2nd period - Stopped by Brian Boucher without a rebound.
3:17 of 2nd period - Ryan Getzlaf wins face-off versus Nik Antropov in Wild zone.
3:44 of 2nd period - Brian Campbell is hit by Alexei Ponikarovsky and loses puck.
3:49 of 2nd period - Shot by Bobby Ryan.
3:49 of 2nd period - Stopped by Roberto Luongo without a rebound.
3:50 of 2nd period - Ryan Getzlaf wins face-off versus Marty Reasoner in RedWings zone.
4:02 of 2nd period - Icing by Curtis Glencross.
4:03 of 2nd period - Marty Reasoner wins face-off versus Bobby Ryan in RedWings zone.
4:25 of 2nd period - Shot by Christopher Higgins.
4:25 of 2nd period - Stopped by Roberto Luongo without a rebound.
4:26 of 2nd period - Mike Modano wins face-off versus Travis Zajac in RedWings zone.
4:26 of 2nd period - Andrei Markov is hit by Pavel Kubina and loses puck.
4:34 of 2nd period - Off-side.
4:35 of 2nd period - Nik Antropov wins face-off versus Ryan Getzlaf in neutral zone.
5:42 of 2nd period - Zach Parise is hit by Alexei Ponikarovsky and loses puck.
6:17 of 2nd period - Minor Penalty to Radek Martinek for Roughing.
6:18 of 2nd period - Ryan Getzlaf wins face-off versus Travis Zajac in Wild zone.
6:18 of 2nd period - Ryan Getzlaf is hit by Travis Zajac.
7:44 of 2nd period - Shot by Eric Brewer.
7:44 of 2nd period - Shot Blocked by Michal Rozsival.
7:46 of 2nd period - Shot by Eric Brewer.
7:46 of 2nd period - Shot Misses the Net.
7:50 of 2nd period - Shot by Eric Brewer.
7:50 of 2nd period - Deflect By Sergei Kostitsyn.
7:50 of 2nd period - Stopped by Brian Boucher with a rebound.
7:52 of 2nd period - Shot by Eric Brewer.
7:52 of 2nd period - Shot Blocked by Michal Rozsival.
7:54 of 2nd period - Shot by Eric Brewer.
7:54 of 2nd period - Stopped by Brian Boucher without a rebound.
7:55 of 2nd period - Curtis Glencross wins face-off versus Bobby Ryan in Wild zone.
8:12 of 2nd period - Icing by Ray Whitney.
8:13 of 2nd period - Curtis Glencross wins face-off versus Ryan Getzlaf in RedWings zone.
9:14 of 2nd period - Curtis Glencross is hit by Tom Gilbert and loses puck.
9:21 of 2nd period - Shot by Sergei Kostitsyn.
9:21 of 2nd period - Stopped by Brian Boucher without a rebound.
9:22 of 2nd period - Nik Antropov wins face-off versus Ryan Getzlaf in Wild zone.
9:35 of 2nd period - Shot by Alexandre Burrows.
9:35 of 2nd period - Deflect By Ray Whitney.
9:35 of 2nd period - Stopped by Brian Boucher without a rebound.
9:36 of 2nd period - Travis Zajac wins face-off versus Bobby Ryan in Wild zone.
9:52 of 2nd period - Christopher Higgins is hit by Travis Zajac and loses puck.
10:50 of 2nd period - Shot by Curtis Glencross.
10:50 of 2nd period - Deflect By Marty Reasoner.
10:50 of 2nd period - Stopped by Brian Boucher without a rebound.
10:51 of 2nd period - Ryan Getzlaf wins face-off versus Nik Antropov in Wild zone.
11:09 of 2nd period - Shot by Alexandre Burrows.
11:09 of 2nd period - Shot Misses the Net.
11:17 of 2nd period - Shot by Alexandre Burrows.
11:17 of 2nd period - Shot Blocked by Ryan Getzlaf.
13:46 of 2nd period - Shot by Alexandre Burrows.
13:46 of 2nd period - Stopped by Brian Boucher without a rebound.
13:46 of 2nd period - Minor Penalty to Tom Gilbert for Charging.
13:47 of 2nd period - Nik Antropov wins face-off versus Mike Modano in Wild zone.
13:48 of 2nd period - Shot by Ryan Whitney.
13:48 of 2nd period - Stopped by Brian Boucher without a rebound.
13:49 of 2nd period - Mike Modano wins face-off versus Nik Antropov in Wild zone.
14:04 of 2nd period - Shot by Alexandre Burrows.
14:04 of 2nd period - Shot Misses the Net.
14:08 of 2nd period - Shot by Pavel Kubina.
14:08 of 2nd period - Stopped by Brian Boucher with a rebound.
14:10 of 2nd period - Shot by Ryan Whitney.
14:10 of 2nd period - Shot Blocked by Marek Zidlicky.
14:14 of 2nd period - Shot by Nik Antropov.
14:14 of 2nd period - Shot Misses the Net.
14:22 of 2nd period - Shot by Alexandre Burrows.
14:22 of 2nd period - Goal by Alexandre Burrows - Wild : 3 - RedWings : 3.
14:23 of 2nd period - Marty Reasoner wins face-off versus Bobby Ryan in neutral zone.
14:28 of 2nd period - Shot by Sergei Kostitsyn.
14:28 of 2nd period - Stopped by Brian Boucher without a rebound.
14:29 of 2nd period - Marty Reasoner wins face-off versus Bobby Ryan in Wild zone.
14:36 of 2nd period - Shot by Sergei Kostitsyn.
14:36 of 2nd period - Stopped by Brian Boucher without a rebound.
14:37 of 2nd period - Bobby Ryan wins face-off versus Travis Zajac in Wild zone.
14:44 of 2nd period - Icing by Joel Ward.
14:45 of 2nd period - Bobby Ryan wins face-off versus Marty Reasoner in Wild zone.
14:45 of 2nd period - Bobby Ryan is hit by Curtis Glencross.
15:00 of 2nd period - Off-side.
15:01 of 2nd period - Alexandre Burrows wins face-off versus Ryan Getzlaf in neutral zone.
15:14 of 2nd period - Shot by Nik Antropov.
15:14 of 2nd period - Stopped by Brian Boucher without a rebound.
15:15 of 2nd period - Travis Zajac wins face-off versus Bobby Ryan in Wild zone.
16:32 of 2nd period - Off-side.
16:33 of 2nd period - Marty Reasoner wins face-off versus Alexei Ponikarovsky in neutral zone.
16:42 of 2nd period - Radek Martinek is hit by Sergei Kostitsyn and loses puck.
16:51 of 2nd period - Shot by Marty Reasoner.
16:51 of 2nd period - Stopped by Brian Boucher without a rebound.
16:52 of 2nd period - Ryan Getzlaf wins face-off versus Nate Thompson in Wild zone.
16:56 of 2nd period - Icing by Marek Zidlicky.
16:57 of 2nd period - Ryan Getzlaf wins face-off versus Nate Thompson in Wild zone.
17:06 of 2nd period - Shot by Brian Campbell.
17:06 of 2nd period - Stopped by Brian Boucher without a rebound.
17:07 of 2nd period - Sergei Kostitsyn wins face-off versus Joel Ward in Wild zone.
17:25 of 2nd period - Minor Penalty to Alexei Ponikarovsky for Hooking.
17:26 of 2nd period - Ryan Getzlaf wins face-off versus Nik Antropov in Wild zone.
17:48 of 2nd period - Minor Penalty to Ryan Getzlaf for Holding.
17:49 of 2nd period - Bobby Ryan wins face-off versus Travis Zajac in Wild zone.
18:23 of 2nd period - Shot by Brett Clark.
18:23 of 2nd period - Stopped by Brian Boucher with a rebound.
18:25 of 2nd period - Shot by Zach Parise.
18:25 of 2nd period - Stopped by Brian Boucher with a rebound.
18:29 of 2nd period - Shot by Brian Campbell.
18:29 of 2nd period - Stopped by Brian Boucher without a rebound.
18:30 of 2nd period - Nik Antropov wins face-off versus Mike Modano in Wild zone.
18:31 of 2nd period - Shot by Alexandre Burrows.
18:31 of 2nd period - Shot Misses the Net.
18:35 of 2nd period - Shot by Alexandre Burrows.
18:35 of 2nd period - Shot Blocked by Tom Gilbert.
19:41 of 2nd period - Shot by Travis Zajac.
19:41 of 2nd period - Stopped by Brian Boucher with a rebound.
19:43 of 2nd period - Shot by Zach Parise.
19:43 of 2nd period - Stopped by Brian Boucher with a rebound.
19:45 of 2nd period - Shot by Zach Parise.
19:45 of 2nd period - Stopped by Brian Boucher without a rebound.
19:46 of 2nd period - Travis Zajac wins face-off versus Mike Modano in Wild zone.

Period #3

0:01 of 3rd period - Ryan Getzlaf wins face-off versus Nik Antropov in neutral zone.
0:01 of 3rd period - Ryan Getzlaf is hit by Ray Whitney.
0:18 of 3rd period - Icing by Ryan Whitney.
0:19 of 3rd period - Alexandre Burrows wins face-off versus Bobby Ryan in RedWings zone.
0:51 of 3rd period - Milan Michalek is hit by Ryan Whitney.
1:04 of 3rd period - Milan Michalek is hit by Keith Yandle and loses puck.
2:33 of 3rd period - Shot by Sergei Kostitsyn.
2:33 of 3rd period - Stopped by Brian Boucher without a rebound.
2:34 of 3rd period - Sergei Kostitsyn wins face-off versus Mike Modano in Wild zone.
2:37 of 3rd period - Shot by Curtis Glencross.
2:37 of 3rd period - Shot Misses the Net.
2:39 of 3rd period - Shot by Eric Brewer.
2:39 of 3rd period - Stopped by Brian Boucher without a rebound.
2:40 of 3rd period - Marty Reasoner wins face-off versus Mike Modano in Wild zone.
2:44 of 3rd period - Icing by Radek Martinek.
2:45 of 3rd period - Nate Thompson wins face-off versus Mike Modano in Wild zone.
3:39 of 3rd period - Shot by Sergei Kostitsyn.
3:39 of 3rd period - Stopped by Brian Boucher without a rebound.
3:40 of 3rd period - Nik Antropov wins face-off versus Bobby Ryan in Wild zone.
4:04 of 3rd period - Keith Yandle is hit by Bobby Ryan and loses puck.
4:11 of 3rd period - Shot by Milan Michalek.
4:11 of 3rd period - Stopped by Roberto Luongo without a rebound.
4:12 of 3rd period - Ryan Getzlaf wins face-off versus Marty Reasoner in RedWings zone.
4:15 of 3rd period - Shot by Ryan Getzlaf.
4:15 of 3rd period - Shot Hit the Post.
4:17 of 3rd period - Shot by Joni Pitkanen.
4:17 of 3rd period - Shot Misses the Net.
4:21 of 3rd period - Shot by Ryan Getzlaf.
4:21 of 3rd period - Stopped by Roberto Luongo without a rebound.
4:22 of 3rd period - Marty Reasoner wins face-off versus Ryan Getzlaf in RedWings zone.
4:39 of 3rd period - Shot by Marek Zidlicky.
4:39 of 3rd period - Shot Misses the Net.
4:54 of 3rd period - Shot by Ryan Getzlaf.
4:54 of 3rd period - Stopped by Roberto Luongo without a rebound.
4:55 of 3rd period - Mike Modano wins face-off versus Travis Zajac in RedWings zone.
5:41 of 3rd period - Icing by Mike Modano.
5:42 of 3rd period - Mike Modano wins face-off versus Nik Antropov in Wild zone.
5:57 of 3rd period - Ryan Whitney is hit by Radek Martinek and loses puck.
6:01 of 3rd period - Alexandre Burrows is hit by Radek Martinek and loses puck.
6:22 of 3rd period - Shot by Alexandre Burrows.
6:22 of 3rd period - Stopped by Brian Boucher with a rebound.
6:44 of 3rd period - Shot by Sergei Kostitsyn.
6:44 of 3rd period - Shot Misses the Net.
6:48 of 3rd period - Shot by Brett Clark.
6:48 of 3rd period - Stopped by Brian Boucher without a rebound.
6:49 of 3rd period - Ryan Getzlaf wins face-off versus Travis Zajac in Wild zone.
6:53 of 3rd period - Minor Penalty to Zach Parise for Hooking.
6:54 of 3rd period - Nate Thompson wins face-off versus Ryan Getzlaf in RedWings zone.
7:11 of 3rd period - Shot by Ryan Getzlaf.
7:11 of 3rd period - Stopped by Roberto Luongo without a rebound.
7:12 of 3rd period - Alexandre Burrows wins face-off versus Ryan Getzlaf in RedWings zone.
8:33 of 3rd period - Shot by Marek Zidlicky.
8:33 of 3rd period - Stopped by Roberto Luongo without a rebound.
8:34 of 3rd period - Nate Thompson wins face-off versus Bobby Ryan in RedWings zone.
8:34 of 3rd period - Nate Thompson is hit by Bobby Ryan.
8:41 of 3rd period - Icing by Bobby Ryan.
8:42 of 3rd period - Nate Thompson wins face-off versus Bobby Ryan in Wild zone.
9:07 of 3rd period - Shot by Zach Parise.
9:07 of 3rd period - Stopped by Brian Boucher without a rebound.
9:08 of 3rd period - Nate Thompson wins face-off versus Alexei Ponikarovsky in Wild zone.
9:25 of 3rd period - Minor Penalty to Nate Thompson for Hooking.
9:26 of 3rd period - Marty Reasoner wins face-off versus Ryan Getzlaf in RedWings zone.
10:07 of 3rd period - Shot by Andrei Markov.
10:07 of 3rd period - Stopped by Roberto Luongo with a rebound.
10:11 of 3rd period - Shot by Christopher Higgins.
10:11 of 3rd period - Shot Blocked by Brett Clark.
10:13 of 3rd period - Shot by Andrei Markov.
10:13 of 3rd period - Shot Blocked by Brett Clark.
11:01 of 3rd period - Shot by Michael Ryder.
11:01 of 3rd period - Shot Misses the Net.
11:03 of 3rd period - Shot by Michal Rozsival.
11:03 of 3rd period - Stopped by Roberto Luongo with a rebound.
11:05 of 3rd period - Shot by Michal Rozsival.
11:05 of 3rd period - Shot Blocked by Eric Brewer.
12:50 of 3rd period - Icing by Marty Reasoner.
12:51 of 3rd period - Marty Reasoner wins face-off versus Ryan Getzlaf in RedWings zone.
12:51 of 3rd period - Marty Reasoner is hit by Ryan Getzlaf.
13:13 of 3rd period - Jon Sim is hit by Jamie Langenbrunner and loses puck.
13:28 of 3rd period - Shot by Zach Parise.
13:28 of 3rd period - Shot Misses the Net.
14:21 of 3rd period - Shot by Alexandre Burrows.
14:21 of 3rd period - Stopped by Brian Boucher with a rebound.
14:37 of 3rd period - Tom Gilbert is hit by Alexandre Burrows and loses puck.
14:52 of 3rd period - Eric Brewer is hit by Christopher Higgins and loses puck.
15:51 of 3rd period - Minor Penalty to Zach Parise for High sticking.
15:52 of 3rd period - Bobby Ryan wins face-off versus Nate Thompson in RedWings zone.
18:51 of 3rd period - Shot by Alexandre Burrows.
18:51 of 3rd period - Stopped by Brian Boucher without a rebound.
18:52 of 3rd period - Nik Antropov wins face-off versus Ryan Getzlaf in Wild zone.

Overtime #1

0:01 of 1st overtime period - Ryan Getzlaf wins face-off versus Nik Antropov in neutral zone.
0:13 of 1st overtime period - Shot by Ryan Getzlaf.
0:13 of 1st overtime period - Shot Blocked by Keith Yandle.
0:15 of 1st overtime period - Shot by Michael Ryder.
0:15 of 1st overtime period - Shot Misses the Net.
0:19 of 1st overtime period - Shot by Ryan Getzlaf.
0:19 of 1st overtime period - Shot Misses the Net.
0:25 of 1st overtime period - Shot by Michal Rozsival.
0:25 of 1st overtime period - Shot Misses the Net.
0:56 of 1st overtime period - Icing by Keith Yandle.
0:57 of 1st overtime period - Milan Michalek wins face-off versus Nik Antropov in RedWings zone.
1:16 of 1st overtime period - Shot by Milan Michalek.
1:16 of 1st overtime period - Stopped by Roberto Luongo with a rebound.
2:05 of 1st overtime period - Icing by Joni Pitkanen.
2:06 of 1st overtime period - Bobby Ryan wins face-off versus Travis Zajac in Wild zone.
3:17 of 1st overtime period - Icing by Tom Gilbert.
3:18 of 1st overtime period - Ryan Getzlaf wins face-off versus Nik Antropov in Wild zone.
3:24 of 1st overtime period - Marek Zidlicky is hit by Curtis Glencross and loses puck.
4:01 of 1st overtime period - Icing by Kris Draper.
4:02 of 1st overtime period - Zach Parise wins face-off versus Milan Michalek in RedWings zone.
4:13 of 1st overtime period - Shot by Bobby Ryan.
4:13 of 1st overtime period - Shot Blocked by Zach Parise.
4:41 of 1st overtime period - Off-side.
4:42 of 1st overtime period - Andrew Ebbett wins face-off versus Nik Antropov in neutral zone.

ShootOut

ShootOut - Penalty Shot by Ryan Getzlaf for Wild.
ShootOut - Goal by Ryan Getzlaf.
ShootOut - Penalty Shot by Alexandre Burrows for RedWings.
ShootOut - Goal by Alexandre Burrows.
ShootOut - Penalty Shot by Bobby Ryan for Wild.
ShootOut - Stopped by Roberto Luongo.
ShootOut - Penalty Shot by Zach Parise for RedWings.
ShootOut - Stopped by Brian Boucher.
ShootOut - Penalty Shot by Milan Michalek for Wild.
ShootOut - Stopped by Roberto Luongo.
ShootOut - Penalty Shot by Curtis Glencross for RedWings.
ShootOut - Stopped by Brian Boucher.
ShootOut - Penalty Shot by Michael Ryder for Wild.
ShootOut - Shot Misses the Net.
ShootOut - Penalty Shot by Ray Whitney for RedWings.
ShootOut - Stopped by Brian Boucher.
ShootOut - Penalty Shot by Christopher Higgins for Wild.
ShootOut - Shot Misses the Net.
ShootOut - Penalty Shot by Nik Antropov for RedWings.
ShootOut - Stopped by Brian Boucher.
ShootOut - Penalty Shot by Andrei Markov for Wild.
ShootOut - Goal by Andrei Markov.
ShootOut - Penalty Shot by Keith Yandle for RedWings.
ShootOut - Shot Misses the Net.


Output by the SimonT Hockey Simulator (STHS) for Stephane Roy -- Original Page W3C XHTML 1.0 Valid